 Dungeon Crawl Stone Soup version 0.22-a0-252-gcace5d2d35 (webtiles) character file.

1584 RedPan the Covert (level 8, -10/57 HPs)
             Began as a Vampire Enchanter on Mar 2, 2018.
             Was an Initiate of Kikubaaqudgha.
             Shot with an arrow by a centaur (15 damage)
             ... on level 5 of the Dungeon.
             The game lasted 00:13:08 (5371 turns).

RedPan the Covert (Vampire Enchanter)               Turns: 5371, Time: 00:13:09

Health: -10/57     AC:  7    Str:  7    XL:     8   Next: 61%
Magic:  11/11      EV: 15    Int: 20    God:    Kikubaaqudgha [......]
Gold:   266        SH:  0    Dex: 14    Spells: 5/11 levels left

rFire    + . .     SeeInvis +   i - +2 dagger (venom)
rCold    + + .     Gourm    .   (no shield)
rNeg     + + +     Faith    .   b - +0 robe
rPois    ∞         Spirit   .   (no helmet)
rElec    .         Reflect  .   (no cloak)
rCorr    .         Harm     .   h - +0 pair of gloves
MR       .....                  (no boots)
Stlth    ++++......             (no amulet)
HPRegen  0.00/turn              n - ring of protection from fire
MPRegen  0.12/turn              p - ring of flight

@: confused, bloodless, non-regenerating
A: fangs 3, slimy green scales 1, yellow scales 1, see invisible, unbreathing
a: Bat Form, Renounce Religion, Evoke Flight


You were on level 5 of the Dungeon.
You worshipped Kikubaaqudgha.
Kikubaaqudgha was noncommittal.
You were bloodless.

You visited 2 branches of the dungeon, and saw 6 of its levels.
You also visited: Sewer.

You collected 266 gold pieces.

Inventory:

Hand Weapons
 a - a +1 dagger
 i - a +2 dagger of venom (weapon)
 j - a +0 dagger of venom
Armour
 b - a +0 robe (worn)
 h - a +0 pair of gloves (worn)
 m - a +4 ring mail of poison resistance
 t - a +0 troll leather armour {Purgy}
Jewellery
 n - a ring of protection from fire (left hand)
 p - a ring of flight (right hand)
Wands
 e - a wand of polymorph (17)
 u - a wand of paralysis (12)
Scrolls
 f - 3 scrolls of teleportation
 q - 2 scrolls of magic mapping
 y - a scroll of remove curse
Potions
 c - a potion of haste {unknown}
 d - 22 potions of blood
 g - a potion of agility
 k - a potion of magic
 l - a potion of might
 o - a potion of mutation
 w - a potion of brilliance
 x - a potion of lignification


   Skills:
 + Level 2.5 Fighting
 - Level 8.0 Short Blades
 + Level 5.4 Dodging
 - Level 9.0 Stealth
 - Level 2.0 Spellcasting
 - Level 6.2 Hexes


You had 5 spell levels left.
You knew the following spells:

 Your Spells              Type           Power        Failure   Level  Hunger
a - Corona                Hex            ####...      1%          1    #......
b - Ensorcelled Hibernat  Hex/Ice        ##....       7%          2    ##.....
c - Confuse               Hex            ####....     3%          3    ###....


Dungeon Overview and Level Annotations

Branches:
Dungeon (5/15)             Temple (1/1) D:4

Altars:
Cheibriados
Elyvilon
Gozag
Hepliaklqana
Kikubaaqudgha
Makhleb
Qazlal
Ru
Sif Muna
Trog
Vehumet
Wu Jian
Xom
Yredelemnul
Zin
The Shining One


Innate Abilities, Weirdness & Mutations

You do not heal naturally.
You are immune to poison.
You have razor-sharp teeth.
You have supernaturally acute eyesight. (SInv)
You can survive without breathing.
You are partially covered in slimy green scales. (AC +2)
You are partially covered in yellow scales. (AC +2)


Message History

The arrow closely misses you.
As you read the scroll of fog, it crumbles to dust.
The scroll dissolves into smoke.
The jackal bites you but does no damage.
The centaur shoots an arrow.
The arrow closely misses you. The jackal barely misses you.
Your surroundings suddenly seem different.
The centaur shoots an arrow.
The arrow hits you.
* * * LOW HITPOINT WARNING * * *
Found an arrow.
You see here an arrow.
The centaur shoots an arrow.
The arrow hits you!
* * * LOW HITPOINT WARNING * * *
The centaur shoots an arrow.
The arrow closely misses you.
One of your 23 potions of blood rots away.
You see here an arrow.
You are confused.
You feel invigorated.
The centaur shoots an arrow.
The arrow hits you!
You die...
Kikubaaqudgha rasps: "You have failed me!
Welcome... oblivion!"

######### ###.......###
*#.......(...##
##<.....(@(....#** ****
###................#* ***,,,
#
#...................***,,,,,
##
#.................##**,,,,,,
.## #................##
*,,,,,,, ..#*
#§§§§§.§.........# **,,,,,,,
...*
#§§§hc§§........##**,>,,,,,,
...* *#§§§§§§.......##
*,,,,,,,,,
..#*####h§§.....,,,,*
**,,,,,,,,,


You could see a centaur and a jackal.

Vanquished Creatures
  The ghost of Xeas the Covert, a novice SpEn (D:4)
  Sigmund (D:3)
  Eustachio (D:4)
  Purgy (Sewer)
  3 ogres (D:5)
  Blork the orc (D:5)
  A centaur zombie (D:5)
  3 orc wizards (D:4)
  A bullfrog zombie (D:3)
  2 hounds (D:5)
  An orc priest (D:4)
  Jessica (D:2)
  An iguana (D:4)
  A worker ant (D:4)
  Ijyb (D:3)
  Natasha (thrice) (D:2)
  5 gnolls
  8 adders
  An ooze (D:3)
  An adder zombie (D:5)
  An adder skeleton (D:4)
  A worm (D:2)
  A dart slug (D:1)
  2 leopard geckos
  14 orcs
  3 ball pythons
  4 bats
  7 giant cockroaches
  11 goblins
  6 hobgoblins
  8 jackals
  12 frilled lizards
  6 kobolds
  3 leopard gecko skeletons
  7 rats
124 creatures vanquished.

Vanquished Creatures (others)
  An adder (D:4)
1 creature vanquished.

Grand Total: 125 creatures vanquished

Notes
Turn   | Place    | Note
-------+----------+-------------------------------------------
     0 | D:1      | RedPan the Vampire Enchanter began the quest for the Orb.
     0 | D:1      | Reached XP level 1. HP: 13/13 MP: 3/3
   408 | D:1      | Reached XP level 2. HP: 19/19 MP: 5/5
   412 | D:1      | Learned a level 2 spell: Ensorcelled Hibernation
   446 | D:1      | Reached skill level 5 in Stealth
   983 | D:1      | Reached XP level 3. HP: 24/24 MP: 6/6
  1158 | D:1      | Found a glowing golden altar of the Shining One.
  1280 | D:2      | Noticed Natasha
  1283 | D:2      | Killed Natasha
  1342 | D:2      | Reached XP level 4. HP: 30/30 MP: 7/7
  1393 | D:2      | Noticed Natasha
  1424 | D:2      | Killed Natasha
  1424 | D:2      | Reached skill level 5 in Hexes
  1462 | D:2      | Noticed Natasha
  1470 | D:2      | Killed Natasha
  1470 | D:2      | Reached skill level 6 in Stealth
  1703 | D:2      | Found a faded altar of an unknown god.
  1827 | D:2      | Reached XP level 5. HP: 28/35 MP: 6/8
  1966 | D:2      | Noticed Jessica
  1984 | D:2      | Killed Jessica
  2180 | D:3      | Noticed Ijyb
  2196 | D:3      | Killed Ijyb
  2209 | D:3      | Found a glowing drain.
  2277 | Sewer    | Entered a sewer
  2643 | Sewer    | Learned a level 3 spell: Confuse
  2758 | Sewer    | Noticed Purgy
  2780 | Sewer    | Killed Purgy
  2780 | Sewer    | Reached skill level 5 in Short Blades
  2780 | Sewer    | Reached XP level 6. HP: 35/41 MP: 2/9
  2933 | D:3      | Reached skill level 7 in Stealth
  3317 | D:3      | Found a sacrificial altar of Ru.
  3378 | D:3      | Noticed Sigmund
  3398 | D:3      | Killed Sigmund
  3398 | D:3      | Reached XP level 7. HP: 27/46 MP: 5/10
  3890 | D:4      | Reached skill level 8 in Stealth
  4106 | D:4      | Noticed Eustachio
  4113 | D:4      | Killed Eustachio
  4129 | D:4      | Found a staircase to the Ecumenical Temple.
  4135 | Temple   | Entered the Ecumenical Temple
  4352 | D:4      | Gained mutation: You are partially covered in yellow scales. (AC +2) [potion of mutation]
  4352 | D:4      | Gained mutation: You are partially covered in slimy green scales. (AC +2) [potion of mutation]
  4622 | D:4      | Noticed Xeas's ghost (novice SpEn)
  4634 | D:4      | Killed Xeas's ghost
  4634 | D:4      | Reached skill level 9 in Stealth
  4634 | D:4      | Reached XP level 8. HP: 49/52 MP: 7/11
  4678 | D:5      | Entered Level 5 of the Dungeon
  5056 | D:5      | Reached skill level 1 in Fighting
  5116 | D:5      | Noticed Blork the orc
  5123 | D:5      | Killed Blork the orc
  5193 | D:5      | Reached skill level 5 in Dodging
  5201 | D:5      | Found an ancient bone altar of Kikubaaqudgha.
  5204 | D:5      | Became a worshipper of Kikubaaqudgha
  5370 | D:5      | HP: 1/57 [centaur/arrow (7)]
  5371 | D:5      | Shot with an arrow by a centaur

Vault maps used:
D:1:      dpeg_arrival_water_temple_mockup, tso_altar
D:2:      nicolae_overflow_hidden_temple, chequers_ecumenical_altar_island,
          uniq_natasha, uniq_jessica
D:3:      marbit_many_paths, cheibrodos_sewer_entry_drain, uniq_sigmund,
          uniq_ijyb
D:4:      temple_green, first_ration, uniq_eustachio
D:5:      kennysheep_mini, uniq_blork_the_orc
Temple:   nicolae_temple_figure_eight
Sewer:    sewer_co_purgy_island

Skill      XL: |  1  2  3  4  5  6  7  8 |
---------------+-------------------------+-----
Stealth        | 5 6 7 9 |  9.0
Short Blades   | 2 3 5 7 8 |  8.0
Hexes          | 5 6 |  6.2
Dodging        | 4 5 |  5.4
Fighting       | 2 |  2.5
Spellcasting   | |  2.0

Action                   |  1- 3 |  4- 6 |  7- 9 || total
-------------------------+-------+-------+-------++-------
Melee: Dagger            |    75 |   116 |   123 ||   314
       Bite              |     4 |     8 |     8 ||    20
 Cast: Ensorcelled Hiber |     5 |    26 |    28 ||    59
       Confuse           |       |       |     1 ||     1
  Use: Scroll            |     1 |     4 |    11 ||    16
       Potion            |       |     1 |     6 ||     7
 Stab: Sleeping          |    17 |    23 |    19 ||    59
       Distracted        |     1 |       |       ||     1
       Confused          |       |       |     2 ||     2
       Invisible         |       |       |     2 ||     2
Armor: Robe              |    12 |    14 |    37 ||    63
Dodge: Dodged            |    42 |    66 |    77 ||   185

Table legend:
 A = Spawn XP
 B = Non-spawn XP
 C = Spawn XP percentage of total XP
 D = Spawn monster count
 E = Non-spawn monster count
 F = Spawn count percentage of total count
 G = Total turns spent on level
                    A         B        C        D         E        F      G
               +---------+---------+-------+---------+---------+-------+---------
         Total |       0 |    2263 |   0.0 |       0 |     125 |   0.0 |  5371
               +---------+---------+-------+---------+---------+-------+---------
           D:1 |       0 |      56 |   0.0 |       0 |      26 |   0.0 |  1280
           D:2 |       0 |     198 |   0.0 |       0 |      21 |   0.0 |   888
           D:3 |       0 |     390 |   0.0 |       0 |      26 |   0.0 |   854
           D:4 |       0 |     828 |   0.0 |       0 |      27 |   0.0 |   837
           D:5 |       0 |     654 |   0.0 |       0 |      17 |   0.0 |   679
         Sewer |       0 |     137 |   0.0 |       0 |       8 |   0.0 |   643
               +---------+---------+-------+---------+---------+-------+---------
